 Dungeon Crawl Stone Soup version 0.27.1-34-g3ba077fa99 (webtiles) character file.

Game seed: 11066236899303617461

1531 vvl the Ruffian (level 8, 0/66 HPs)
             Began as a White Draconian Transmuter on Jan 19, 2022.
             Slain by Duvessa (10 damage)
             ... on level 5 of the Dungeon.
             The game lasted 00:11:11 (6062 turns).

vvl the Ruffian (White Draconian Transmuter)        Turns: 6062, Time: 00:11:12

Health: 0/66       AC:  6    Str: 14    XL:     8   Next: 55%
Magic:  13/13      EV: 13    Int: 14    God:
Gold:   152        SH:  0    Dex: 12    Spells: 13/14 levels left

rFire    . . .     SeeInvis .   i - +2 whip (elec)
rCold    + . .     Faith    .   (no shield)
rNeg     . . .     Spirit   .   (armour unavailable)
rPois    .         Reflect  .   (helmet currently unavailable)
rElec    .         Harm     .   (no cloak)
rCorr    .         Rampage  .   (no gloves)
Will     .....                  (boots currently unavailable)
Stlth    +.........             (no amulet)
HPRegen  0.21/turn              l - ring of flight
MPRegen  0.13/turn              (no ring)

@: short of breath, appendages (expiring), flying
A: horns 2, talons 2, breathe frost, AC +6, unfitting armour, cold resistance 1,
cold-blooded
a: Breathe Frost, End Transformation


You were on level 5 of the Dungeon.
You had temporarily grown beastly horns and talons.
You visited 1 branch of the dungeon, and saw 5 of its levels.

You collected 152 gold pieces.

Inventory:

Hand Weapons
 i - a +2 whip of electrocution (weapon)
Missiles
 e - 66 bolts
Armour
 p - a +0 tower shield
Jewellery
 l - a ring of flight (left hand)
Scrolls
 c - a scroll of fear {unknown}
 d - a scroll of blinking {unknown}
 g - a scroll of torment {unknown}
 j - a scroll of immolation {unknown}
 k - a scroll of brand weapon {unknown}
 m - a scroll of magic mapping {unknown}
 n - a scroll of enchant armour
 o - a scroll of teleportation {unknown}
Potions
 a - 2 potions of mutation
 b - 2 potions of brilliance {unknown}
 h - 2 potions of magic


   Skills:
 + Level 3.6 Fighting
 + Level 3.4 Dodging
 + Level 2.6 Shields
 * Level 5.7 Unarmed Combat
 + Level 3.5 Spellcasting
 + Level 2.7 Conjurations
 * Level 5.2 Transmutations
 + Level 2.3 Fire Magic
 + Level 2.4 Ice Magic


You had 13 spell levels left.
You knew the following spells:

 Your Spells              Type           Power      Damage    Failure   Level
a - Beastly Appendage     Tmut           34%        N/A       2%          1

Your spell library contained the following spells:

 Spells                   Type           Power      Damage    Failure   Level
 Wereblood                Tmut           17%        N/A       3%          2
 Magic Dart               Conj           40%        1d5       7%          1
 Ensorcelled Hibernation  Hex/Ice        10%        N/A       19%         2
 Corona                   Hex            2%         N/A       21%         1
 Summon Small Mammal      Summ           8%         N/A       21%         1
 Spider Form              Tmut/Pois      4%         N/A       21%         3
 Ignite Poison            Fire/Tmut/Pois 9%         N/A       22%         3
 Call Imp                 Summ           2%         N/A       30%         2
 Mephitic Cloud           Conj/Pois/Air  5%         N/A       38%         3
 Ice Form                 Ice/Tmut       13%        N/A       38%         4
 Call Canine Familiar     Summ           2%         N/A       52%         3
 Portal Projectile        Hex/Tloc       4%         N/A       52%         3
 Tukima's Dance           Hex            2%         N/A       52%         3
 Leda's Liquefaction      Hex/Erth       1%         N/A       90%         4
 Bolt of Magma            Conj/Fire/Erth 3%         4d5       95%         5


Dungeon Overview and Level Annotations

Branches:
Dungeon (5/15)             Temple (0/1) D:4

Altars:
Ru
Trog

Annotations:
D:5 Dowan, Duvessa


Innate Abilities, Weirdness & Mutations

You have temporarily grown beastly horns and talons.
You can breathe waves of freezing cold which knock back foes.
Your icy white scales are hard. (AC +6)
You cannot fit into any form of body armour.
Your flesh is cold resistant. (rC+)
You are cold-blooded and may be slowed by cold attacks.


Message History

Duvessa barely misses you.
Dowan smirks and points a slender finger.
You hit Duvessa but do no damage.
You tail-slap Duvessa, but do no damage.
Duvessa is moderately wounded.
Your horns disappear.
Your talons disappear.
Duvessa hits you with a +0 rapier!
Dowan casts a spell at Duvessa.
Duvessa seems to speed up.
Casting: Beastly Appendage (safe; 2% risk of failure)
Confirm with . or Enter, or press ? or * to list all spells.
You grow a pair of large bovine horns.
Your feet morph into talons.
Duvessa hits you with a +0 rapier. Duvessa hits you with a +0 rapier!
You hit Duvessa but do no damage. Your headbutt misses Duvessa.
You tail-slap Duvessa.
Duvessa is heavily wounded.
Duvessa barely misses you. Duvessa hits you with a +0 rapier.
Press: ? - help, Shift-Dir - straight line, f - Duvessa
Aim: Duvessa, wielding a +0 rapier and wearing a +0 chain mail (heavily wounded, fast)
You exhale a wave of freezing cold.
The freezing breath hits Duvessa.
Duvessa is heavily wounded.
Duvessa is blown backwards by the freezing wind.
Duvessa collides with Dowan!
The freezing breath misses Dowan.
Dowan mumbles some strange words.
Dowan blinks!
Duvessa hits you with a +0 rapier. Duvessa hits you with a +0 rapier!
* * * LOW HITPOINT WARNING * * *
Duvessa hits you with a +0 rapier.
* * * LOW HITPOINT WARNING * * *
Duvessa hits you with a +0 rapier!
* * * LOW HITPOINT WARNING * * *
You feel better. Duvessa closely misses you.
Duvessa hits you but does no damage.
The hound pauses to sniff the ground.
There is a stone staircase leading up here.
Your transformation is almost over.
Duvessa barely misses you. The hound bites you but does no damage.
Dowan gestures wildly while chanting.
Dowan blinks!
Duvessa hits you with a +0 rapier!
You die...

.....$..Z.........
######.#.##<#...#
#.#e####...# ###
#.#.....ยง..###...
#.######.#.....#
#. ###.Z..#..#
#.####......#..#
#.#......eh....#
#.##.##@.....# #
#. ####.#.# ..
#...# #. ##..# ..
#..# #.#.# ##.#
#.#.# #.## #.#.#
###..# #.#.##
#....# #....#


You could see Duvessa (fast), a hound and a bullfrog skeleton.

Vanquished Creatures
  5 yaks
  Menkaure (D:5)
  A necrophage (D:4)
  A centaur (D:4)
  A wyvern skeleton (D:4)
  A water moccasin skeleton (D:4)
  2 jellies (D:5)
  3 bullfrog skeletons (D:5)
  2 iguanas (D:4)
  2 orc wizards (D:4)
  Robin (D:2)
  4 gnolls (D:3)
  3 adders
  An ufetubus (D:4)
  An adder skeleton (D:4)
  3 worms
  3 dart slugs
  6 orcs
  5 bats
  9 endoplasms
  A giant cockroach (D:3)
  16 goblins
  10 hobgoblins
  4 jackals (D:4)
  3 kobolds
  3 quokkas
  8 ball pythons
  3 frilled lizards
  3 rats
106 creatures vanquished.

Notes
Turn   | Place    | Note
-------+----------+-------------------------------------------
     0 | D:1      | vvl the Draconian Transmuter began the quest for the Orb.
     0 | D:1      | Reached XP level 1. HP: 16/16 MP: 3/3
   573 | D:1      | Found a faded altar of an unknown god.
   593 | D:1      | Reached XP level 2. HP: 20/23 MP: 3/5
   625 | D:1      | Got Plato's Disquisition on Illusion
  1349 | D:2      | Reached XP level 3. HP: 25/28 MP: 4/6
  1594 | D:2      | Noticed Robin
  1912 | D:2      | Killed Robin
  1913 | D:2      | Reached XP level 4. HP: 31/36 MP: 5/7
  2682 | D:3      | Found a sacrificial altar of Ru.
  2770 | D:3      | Found a bloodstained altar of Trog.
  2874 | D:3      | Reached XP level 5. HP: 13/41 MP: 8/8
  3299 | D:3      | Reached skill level 1 in Fire Magic
  3719 | D:4      | Reached skill level 1 in Conjurations
  3921 | D:4      | Reached XP level 6. HP: 44/49 MP: 7/9
  3957 | D:4      | Reached skill level 1 in Shields
  4488 | D:4      | Your scales start taking on an icy white colour.
  4488 | D:4      | Reached XP level 7. HP: 26/56 MP: 11/11
  4488 | D:4      | Gained mutation: Your flesh is cold resistant. (rC+) [White
                  | Draconian growth]
  5006 | D:4      | Found a staircase to the Ecumenical Temple.
  5145 | D:5      | Entered Level 5 of the Dungeon
  5240 | D:5      | Noticed a yak
  5242 | D:5      | Noticed a yak
  5242 | D:5      | Noticed a yak
  5243 | D:5      | Noticed a yak
  5245 | D:5      | Noticed a yak
  5248 | D:5      | Killed a yak
  5252 | D:5      | Killed a yak
  5253 | D:5      | Reached skill level 5 in Unarmed Combat
  5253 | D:5      | Reached skill level 1 in Ice Magic
  5313 | D:4      | Killed a yak
  5314 | D:4      | Reached XP level 8. HP: 9/63 MP: 10/12
  5594 | D:5      | Reached skill level 5 in Transmutations
  5886 | D:5      | Noticed Menkaure
  5890 | D:5      | Killed Menkaure
  6037 | D:5      | Noticed Dowan
  6038 | D:5      | Noticed Duvessa
  6057 | D:5      | HP: 3/66 [Duvessa (8)]
  6062 | D:5      | Slain by Duvessa

Illustrated notes

Levels and vault maps discovered:
D:1:      tarquinn_simple_flora_water_e, layout_loops_corners,
          shapermc_ecumenical_altar_rom_forum
D:2:      layout_basic, fountainhead, minmay_misc_feat_five, uniq_robin
D:3:      layout_loops_cross, chequers_temple_overflow_statue_of_worship
D:4:      layout_basic, minmay_temple_entry_butterflies, minivault_27,
          minmay_box_of_dots
D:5:      layout_basic, enter_ossuary_4, uniq_menkaure, uniq_duvessa

Skill      XL: |  1  2  3  4  5  6  7  8 |
---------------+-------------------------+-----
Dodging        | 2 3 |  3.4
Transmutations | 3 4 5 |  5.2
Fighting       | 2 3 |  3.6
Unarmed Combat | 4 5 |  5.7
Fire Magic     | 1 2 |  2.3
Conjurations   | 1 2 |  2.7
Shields        | 1 2 |  2.6
Spellcasting   | 3 |  3.5
Ice Magic      | 1 2 |  2.4

Action                   |  1- 3 |  4- 6 |  7- 9 || total
-------------------------+-------+-------+-------++-------
Melee: Unarmed           |   127 |    49 |       ||   176
       Headbutt          |    10 |    18 |    11 ||    39
       Kick              |    17 |    29 |    18 ||    64
       Tailslap          |    12 |    11 |    11 ||    34
       Whip              |       |    83 |    55 ||   138
 Cast: Beastly Appendage |    21 |    29 |    12 ||    62
 Abil: Breathe Frost     |       |       |     4 ||     4
  Use: Scroll            |       |       |     4 ||     4
       Potion            |       |       |     1 ||     1
Armor: Skin              |    48 |    33 |    14 ||    95
Dodge: Dodged            |   117 |    79 |    36 ||   232
